 Dungeon Crawl Stone Soup version 0.28.0-53-g5a82cb258f (console) character file.

Game seed: 4156064599067065886

115 erker the Changer (level 5, -3/33 HPs)
             Began as an Octopode Transmuter on July 23, 2022.
             Slain by a centaur (7 damage)
             ... on level 4 of the Dungeon.
             The game lasted 00:07:26 (3271 turns).

erker the Changer (Octopode Transmuter)             Turns: 3271, Time: 00:07:26

Health: -3/33      AC:  1    Str:  9    XL:     5   Next: 0%
Magic:  8/8        EV: 13    Int: 17    God:
Gold:   134        SH:  0    Dex: 13    Spells: 3/8 levels left

rFire   . . .      SeeInvis .     - Unarmed
rCold   . . .      Faith    .   (no shield)
rNeg    . . .      Spirit   .   (helmet restricted)
rPois   .          Reflect  .   (no amulet)
rElec   .          Harm     .   (no ring)
rCorr   .          Rampage  .   (no ring)
Will    .....                   (no ring)
Stlth   ++........              (no ring)
HPRegen 0.11/turn               (no ring)
MPRegen 0.11/turn               (no ring)
                                (no ring)
                                (no ring)

@: no status effects
A: almost no armour, amphibious, 8 rings, camouflage 1, gelatinous body 1,
(nimble swimmer 1), tentacles
a: no special abilities


You were on level 4 of the Dungeon.
You visited 1 branch of the dungeon, and saw 4 of its levels.

You collected 162 gold pieces.
You spent 28 gold pieces at shops.

Inventory:

Missiles
 f - 15 stones
Jewellery
 g - an amulet of guardian spirit
Scrolls
 a - a scroll of enchant armour
 b - a scroll of amnesia {unknown}
 e - a scroll of enchant weapon {unknown}
 h - a scroll of brand weapon
 i - a scroll of teleportation {unknown}
 k - a scroll of identify
Potions
 c - 2 potions of curing
 j - a potion of attraction


   Skills:
 - Level 1.0 Fighting
 - Level 2.0 Dodging
 - Level 3.0 Unarmed Combat
 - Level 2.0 Spellcasting
 + Level 4.4 Transmutations
 * Level 1.9 Ice Magic


You had 3 spell levels left.
You knew the following spells:

 Your Spells              Type           Power      Damage    Failure   Level
a - Beastly Appendage     Tmut           32%        N/A       3%          1
y - Ice Form              Ice/Tmut       12%        N/A       45%         4

Your spell library contained the following spells:

 Spells                   Type           Power      Damage    Failure   Level
 Wereblood                Tmut           16%        N/A       4%          2
 Spider Form              Tmut/Pois      9%         N/A       24%         3
 Ignite Poison            Fire/Tmut/Pois 6%         N/A       32%         3
 Conjure Flame            Conj/Fire      1%         6-21      50%         3
 Sticky Flame             Conj/Fire      1%         2d3       88%         4


Dungeon Overview and Level Annotations

Branches:
Dungeon (4/15)
 Temple: D:4-7

Altars:
Dithmenos
Gozag

Shops:
D:2 ?


Innate Abilities, Weirdness & Mutations

You cannot wear most types of armour.
You are amphibious.
You can wear up to eight rings at the same time.
Your skin changes colour to match your surroundings (Stealth+).
Your rubbery body absorbs attacks. (AC +1, EV +1)
((You are camouflaged when in or above water. (Stealth+)))
You have tentacles for arms and can constrict up to eight enemies at once.


Message History

You tentacle-slap the jelly.
Your tentacles burn!
You pierce the jelly.
You kill the jelly!
You have reached level 5!
You feel agile.
Unknown command.
Unknown command.
Unknown command.
Unknown command.
Things that are here:
a +0 dagger; 4 stones; a hobgoblin corpse
Found a stone staircase leading up.
Your transformation is almost over.
Found 10 gold pieces.
f - 15 stones You are no longer corroded.
There is a stone staircase leading up here.
Your tentacle spike disappears.
You now have 134 gold pieces (gained 10).
A ball python comes into view.
Found 23 arrows.
You see here 23 arrows.
A centaur comes into view.
The centaur shouts!
The centaur wields a +0 shortbow.
The centaur shoots an arrow.
The arrow barely misses you.
The centaur shoots an arrow.
The arrow hits you!
The centaur shoots an arrow.
The arrow hits you!
The centaur shoots an arrow.
The arrow barely misses you.
The centaur shoots an arrow.
The arrow hits you!
* * * LOW HITPOINT WARNING * * *
You are confused.
You feel invigorated.
The centaur shoots an arrow.
The arrow hits you!
You feel less invigorated.
You feel less confused.
The centaur shoots an arrow.
The arrow closely misses you.
The centaur shoots an arrow.
The arrow hits you!
* * * LOW HITPOINT WARNING * * *
The centaur unwields a +0 shortbow.
The centaur hits you!
You die...

#.# .S.#
#.# #####
#####.#
<....
#.....#
....#
#.#####
#.... #.#
#... #.#
#..#
#.###### #
#.@....# #
#c####.....
....... #.#
##. .......
#.# .._...#
#.# ......
#.# ......
#.# .....
#.# ..#..
#.#


You could see a centaur.

Vanquished Creatures
  A jelly (D:4)
  A worm (D:3)
  4 dart slugs (D:1)
  8 ball pythons
  13 endoplasms
  A giant cockroach (D:2)
  7 goblins
  8 hobgoblins
  4 jackals (D:3)
  6 kobolds
  3 quokkas
  6 bats
  A frilled lizard (D:1)
  4 rats
67 creatures vanquished.

Notes
Turn   | Place    | Note
-------+----------+-------------------------------------------
     0 | D:1      | erker the Octopode Transmuter began the quest for the Orb.
     0 | D:1      | Reached XP level 1. HP: 13/13 MP: 3/3
    51 | D:1      | Reached XP level 2. HP: 12/18 MP: 3/5
   325 | D:1      | Reached skill level 3 in Transmutations
   659 | D:1      | Reached XP level 3. HP: 22/23 MP: 6/6
  1804 | D:2      | Reached skill level 4 in Transmutations
  2098 | D:2      | Found Vomif's Magic Scroll Boutique.
  2107 | D:2      | Bought a scroll of identify for 28 gold pieces
  2394 | D:2      | Reached XP level 4. HP: 26/28 MP: 7/7
  2399 | D:2      | Learned a level 4 spell: Ice Form
  2574 | D:3      | Found a faded altar of an unknown god.
  2862 | D:3      | Reached skill level 1 in Ice Magic
  3141 | D:3      | Found an opulent altar of Gozag.
  3180 | D:4      | Found a shadowy altar of Dithmenos.
  3194 | D:4      | Reached XP level 5. HP: 25/33 MP: 6/8
  3257 | D:4      | Noticed a centaur
  3271 | D:4      | Slain by a centaur

Illustrated notes

Levels and vault maps discovered:
D:1:      lemuel_arrival_room, layout_basic, dk_noncrumbling_3,
          chequers_arboretum, kennysheep_crisscross, roderic_lattice_a
D:2:      layout_basic, serial_shops, nicolae_square_shop
D:3:      layout_rooms, general_overflow_altar, shapermc_ecumenical_altar_ellora
D:4:      cheibrodos_old_hovel, layout_loops_ring,
          nicolae_dithmenos_shadow_blocks, minmay_temple_entry_arrows

Skill      XL: |  1  2  3  4 |
---------------+-------------+-----
Transmutations | 3 4 |  4.4
Ice Magic      | 1 |  1.9
Fighting       | |  1.0
Dodging        | |  2.0
Unarmed Combat | |  3.0
Spellcasting   | |  2.0

Action                   |  1- 3 |  4- 6 || total
-------------------------+-------+-------++-------
Melee: Unarmed           |    99 |    46 ||   145
       Constrict         |    25 |    13 ||    38
       Tentacles         |    15 |    13 ||    28
       Kick              |    24 |    14 ||    38
       Punch             |     3 |     1 ||     4
 Cast: Beastly Appendage |    27 |    15 ||    42
  Use: Scroll            |     2 |     2 ||     4
       Potion            |       |     3 ||     3
 Stab: Sleeping          |    10 |     1 ||    11
Armor: Skin              |    10 |     8 ||    18
Dodge: Dodged            |    60 |    47 ||   107
